 Dungeon Crawl Stone Soup version 0.19.0-11-g3fc08b3 (webtiles) character file.

170 cedor the Poker (level 5, -3/41 HPs)
             Began as a Demonspawn Monk on Nov 9, 2016.
             Slain by evildog's ghost (18 damage)
             ... on level 4 of the Dungeon.
             The game lasted 00:10:31 (4035 turns).

cedor the Poker (Demonspawn Monk)                   Turns: 4035, Time: 00:10:32

Health: -3/41      AC:  2    Str: 12    XL:     5   Next: 25%
Magic:  5/5        EV: 19    Int: 12    God:
Gold:   82         SH:  0    Dex: 20    Spells: 1 memorised, 3 levels left

rFire  . . .     SeeInvis .     c - +0 spear
rCold  . . .     Gourm    .     i - +0 robe
rNeg   . . .     Faith    .     (no shield)
rPois  .         Spirit   .     (no helmet)
rElec  .         Reflect  .     (no cloak)
rCorr  .         Harm     .     (no gloves)
MR     .....                    (no boots)
Stlth  ++++......               (no amulet)
                                k - ring of stealth
                                (no ring)

@: agile
A: claws 1, demonic guardian 1, powered by pain 1
a: no special abilities


You were on level 4 of the Dungeon.
You were not hungry.

You visited 1 branch of the dungeon, and saw 4 of its levels.

You collected 82 gold pieces.


Innate Abilities, Weirdness & Mutations

You have sharp fingernails.
A weak demonic guardian rushes to your aid.
You sometimes gain a little power by taking damage.


   Skills:
 - Level 3.0 Fighting
 - Level 3.4 Polearms
 - Level 3.3 Dodging
 - Level 1.7 Stealth
 * Level 3.2 Unarmed Combat
 + Level 1.1 Hexes


You had 3 spell levels left.
You knew the following spells:

 Your Spells              Type           Power        Failure   Level  Hunger
Z - Confusing Touch       Hex            #.....       21%         1    ##.....

Inventory:

Hand Weapons
 b - a +0 hunting sling of velocity
 c - a +0 spear (weapon)
Missiles
 f - 33 stones (quivered)
Armour
 i - a +0 robe (worn)
Jewellery
 k - a ring of stealth (right claw)
Scrolls
 d - a scroll of fear {unknown}
 g - 3 scrolls of identify {unknown}
 h - a scroll of random uselessness {unknown}
 j - 2 scrolls of enchant weapon {unknown}
 l - a scroll of enchant armour {unknown}
 m - 2 scrolls of remove curse {unknown}
 o - a scroll of amnesia {unknown}
 r - a scroll of teleportation {unknown}
 w - 2 scrolls of immolation {unknown}
Potions
 e - 2 potions of curing {@q1}
 n - a potion of lignification {unknown}
 p - a potion of flight {unknown}
 q - a potion of invisibility {unknown}
 t - a potion of haste {unknown}
 v - a potion of beneficial mutation {unknown}
 x - a potion of heal wounds {unknown}
 A - a potion of mutation {unknown}
Books
 y - a book of Misfortune

   Spells                             Type                      Level
   a - Confusing Touch                Hexes                        1
   b - Confuse                        Hexes                        3
   c - Gell's Gravitas                Hexes/Translocation          3
   d - Petrify                        Transmutation/Earth          4
   e - Metabolic Englaciation         Hexes/Ice                    5
   f - Yara's Violent Unravelling     Hexes/Transmutation          5
Comestibles
 a - 7 bread rations
 s - a chunk of flesh
 u - 2 meat rations
 z - a beef jerky

Dungeon Overview and Level Annotations

Branches:
Dungeon (4/15)
 Temple: D:4-7

Altars:

Annotations:
D:4 evildog's ghost, novice HOFi

▒▒▒▒▒
..▒..▒.▒▒▒
.......▒
▒....▒
▒.56.▒
▒..W.▒
▒▒▒▒.▒ ▒.▒
▒.. ▒...
▒....
▒▒...▒
▒▒▒▒


You could see evildog's ghost and a friendly quasit.


Message History

Attack whom?
Press: ? - help, Dir - move target cursor, f/p - evildog's ghost
Aim: evildog's ghost (lightly damaged)
You reach to attack!
You hit evildog's ghost but do no damage.
Evildog's ghost is lightly damaged.
Your white imp hits evildog's ghost but does no damage.
Evildog's ghost hits your white imp!
Your white imp dies!
Attack whom?
Press: ? - help, Dir - move target cursor, f/p - evildog's ghost
Aim: evildog's ghost (lightly damaged)
You reach to attack!
You hit evildog's ghost but do no damage.
Evildog's ghost is lightly damaged.
Attack whom?
Press: ? - help, Dir - move target cursor, f/p - evildog's ghost
Aim: evildog's ghost (lightly damaged)
You reach to attack!
You hit evildog's ghost.
Evildog's ghost is lightly damaged.
Evildog's ghost barely misses you.
You hit evildog's ghost but do no damage.
Evildog's ghost is lightly damaged.
Evildog's ghost barely misses you.
You hit evildog's ghost but do no damage.
Evildog's ghost is lightly damaged.
Your quasit bites evildog's ghost.
Your quasit claws evildog's ghost.
Your quasit claws evildog's ghost but does no damage.
Evildog's ghost hits you!!
You die...

Action                   |  1- 3 |  4- 6 || total
-------------------------+-------+-------++-------
Melee: Spear             |   156 |   144 ||   300
       Unarmed           |     7 |       ||     7
       Punch             |       |     2 ||     2
 Stab: Sleeping          |     8 |     6 ||    14
       Distracted        |       |     1 ||     1
  Eat: Chunk             |     4 |     6 ||    10
Armor: Robe              |    18 |    10 ||    28
Dodge: Dodged            |    87 |    66 ||   153

Vault maps used:
D:1:      lightli_arrival_farm
D:2:      first_bread
D:4:      hangedman_decor_riveting, minmay_misc_feat_cross, st_stairs_13,
          uniq_menkaure

Notes
Turn   | Place    | Note
-------+----------+-------------------------------------------
     0 | D:1      | cedor the Demonspawn Monk began the quest for the Orb.
     0 | D:1      | Reached XP level 1. HP: 18/18 MP: 1/1
   168 | D:1      | Reached skill level 3 in Polearms
   179 | D:1      | Gained mutation: A weak demonic guardian rushes to your aid. [demonic ancestry]
   179 | D:1      | Reached XP level 2. HP: 20/24 MP: 2/2
   406 | D:1      | Reached skill level 3 in Dodging
   997 | D:1      | Gained mutation: You have sharp fingernails. [demonic ancestry]
   997 | D:1      | Reached XP level 3. HP: 29/29 MP: 3/3
  1437 | D:2      | Reached skill level 1 in Unarmed Combat
  2539 | D:3      | Gained mutation: You sometimes gain a little power by taking damage. [demonic ancestry]
  2539 | D:3      | Reached XP level 4. HP: 20/35 MP: 4/4
  2767 | D:3      | Reached skill level 2 in Unarmed Combat
  3123 | D:3      | Learned a level 1 spell: Confusing Touch
  3286 | D:3      | Reached skill level 3 in Unarmed Combat
  3286 | D:3      | Reached skill level 1 in Hexes
  3286 | D:3      | Reached XP level 5. HP: 17/41 MP: 5/5
  4021 | D:4      | Noticed evildog's ghost (novice HOFi)
  4035 | D:4      | Slain by evildog's ghost

Vanquished Creatures
  A worker ant (D:3)
  A gnoll (D:1)
  3 adders
  2 dart slugs
  4 leopard geckos
  3 orcs (D:3)
  6 bats
  4 giant cockroaches
  7 goblins
  13 hobgoblins
  6 jackals (D:3)
  2 quokkas (D:3)
  3 ball pythons
  3 frilled lizards
  4 kobolds
  4 rats
66 creatures vanquished.

Vanquished Creatures (collateral kills)
  An orc wizard (D:3)
  An adder (D:3)
  An orc (D:3)
  A jackal (D:3)
4 creatures vanquished.

Grand Total: 70 creatures vanquished
